 Dungeon Crawl Stone Soup version 0.28.0-43-g3370ac3207 (webtiles) character file.

Game seed: 4443043560867184798

506 jimonade the Grasshopper (level 7, -4/51 HPs)
             Began as a Gnoll Wanderer on Mar 18, 2022.
             Slain by Edmund
             ... wielding a +2 dire flail of holy wrath
              (10 damage)
             ... on level 4 of the Dungeon.
             The game lasted 00:19:34 (5391 turns).

jimonade the Grasshopper (Gnoll Wanderer)           Turns: 5391, Time: 00:19:35

Health: -4/51      AC: 17    Str: 10    XL:     7   Next: 18%
Magic:  15/15      EV:  6    Int:  9    God:
Gold:   168        SH:  0    Dex: 17    Spells: 10/17 levels left

rFire   . . .      SeeInvis .   o - +4 dagger
rCold   . . .      Faith    .   (no shield)
rNeg    . . .      Spirit   .   F - +0 plate armour
rPois   .          Reflect  .   i - +0 helmet
rElec   .          Harm     .   b - +0 cloak
rCorr   .          Rampage  .   (no gloves)
Will    .....                   (no boots)
Stlth   ..........              g - amulet of magic regeneration
HPRegen 0.17/turn               e - +4 ring of evasion
MPRegen 0.54/turn               n - +4 ring of protection

@: no status effects
A: fangs 1, strong nose, distributed training
a: no special abilities


You were on level 4 of the Dungeon.
You visited 1 branch of the dungeon, and saw 4 of its levels.

You collected 168 gold pieces.

Inventory:

Hand Weapons
 a - a +0 falchion
 o - a +4 dagger (weapon)
Missiles
 k - 128 stones
 z - 20 arrows
 B - 31 sling bullets
 G - 29 bolts
Armour
 b - a +0 cloak (worn)
 c - a +0 robe
 i - a +0 helmet (worn)
 l - a +0 leather armour
 m - a +0 chain mail
 v - a +0 scale mail
 w - a +2 robe of the Archmagi
 F - a +0 plate armour (worn)
Jewellery
 e - a +4 ring of evasion (left hand)
 g - an amulet of magic regeneration (around neck)
 h - a ring of fire
 n - a +4 ring of protection (right hand)
 t - a ring of protection from cold
 D - the ring of the Endless Expanse {*Slow rElec rF+ rCorr Str+8}
   (You found it on level 3 of the Dungeon)

   [ring of protection from fire]

   Str:       It affects your strength (+8).
   rF:        It protects you from fire.
   rElec:     It insulates you from electricity.
   rCorr:     It protects you from acid and corrosion.
   *Slow:     It may slow you when you take damage.
Wands
 x - a wand of digging (5)
 A - a wand of flame (11)
Scrolls
 d - a scroll of enchant armour {unknown}
 p - a scroll of immolation {unknown}
 r - a scroll of magic mapping {unknown}
 y - a scroll of identify {unknown}
 H - a scroll of holy word {unknown}
Potions
 f - 2 potions of might {unknown}
 j - a potion of invisibility
 q - 4 potions of curing
 s - a potion of magic {unknown}
 u - a potion of brilliance {unknown}
 C - a potion of resistance {unknown}
 E - 2 potions of ambrosia {unknown}


   Skills:
 + Level 2.3 Fighting
 + Level 2.3 Short Blades
 + Level 3.5 Long Blades
 + Level 2.3 Axes
 + Level 2.3 Maces & Flails
 + Level 2.3 Polearms
 + Level 2.3 Staves
 + Level 2.3 Slings
 + Level 2.3 Bows
 + Level 2.3 Crossbows
 + Level 2.3 Throwing
 + Level 2.3 Armour
 + Level 2.3 Dodging
 + Level 4.8 Stealth
 + Level 2.3 Shields
 + Level 2.3 Unarmed Combat
 + Level 5.5 Spellcasting
 + Level 1.9 Conjurations
 + Level 1.9 Hexes
 + Level 1.9 Summonings
 + Level 1.9 Necromancy
 + Level 7.4 Translocations
 + Level 1.9 Transmutations
 + Level 1.9 Fire Magic
 + Level 1.9 Ice Magic
 + Level 1.9 Air Magic
 + Level 1.9 Earth Magic
 + Level 1.9 Poison Magic
 + Level 3.7 Invocations
 + Level 2.3 Evocations


You had 10 spell levels left.
You knew the following spells:

 Your Spells              Type           Power      Damage    Failure   Level
a - Apportation           Tloc           30%        N/A       99%         1
b - Blink                 Tloc           30%        N/A       100%        2
c - Passage of Golubria   Tloc           15%        N/A       100%        4

Your spell library contained the following spells:

 Spells                   Type           Power      Damage    Failure   Level
 Alistair's Intoxication  Tmut/Pois      3%         N/A       100%        5
 Borgnjor's Vile Clutch   Necr/Erth      2%         N/A       100%        5
 Eringya's Noxious Bog    Tmut/Pois      2%         N/A       100%        6


Dungeon Overview and Level Annotations

Branches:
Dungeon (4/15)
 Temple: D:4-7

Altars:
Xom

Annotations:
D:4 Edmund


Innate Abilities, Weirdness & Mutations

You have very sharp teeth.
Your uncanny sense of smell can sniff out nearby items.
Your experience applies equally to all skills.


Message History

Edmund hits you with a +2 dire flail of holy wrath.
You hit Edmund.
Edmund is lightly wounded.
Edmund hits you with a +2 dire flail of holy wrath.
Aiming: Throw Flame
Press: ? - help, Shift-Dir - straight line, f - Edmund
Aim: Edmund, wielding a +2 dire flail of holy wrath and wearing a +0 chain mail (lightly wounded, 79% to hit)
The puff of flame hits Edmund but does no damage.
Edmund is lightly wounded.
Edmund hits you but does no damage.
Aiming: Throw Flame
Press: ? - help, Shift-Dir - straight line, f/p - Edmund
Aim: Edmund, wielding a +2 dire flail of holy wrath and wearing a +0 chain mail (lightly wounded, 79% to hit)
The puff of flame hits Edmund.
Edmund is moderately wounded.
Edmund hits you with a +2 dire flail of holy wrath.
Aiming: Throw Flame
Press: ? - help, Shift-Dir - straight line, f/p - Edmund
Aim: Edmund, wielding a +2 dire flail of holy wrath and wearing a +0 chain mail (moderately wounded, 79% to hit)
The puff of flame hits Edmund.
Edmund is moderately wounded.
Edmund hits you with a +2 dire flail of holy wrath.
You barely miss Edmund. You bite Edmund, but do no damage.
Edmund is moderately wounded.
Edmund hits you but does no damage.
You hit Edmund. You bite Edmund, but do no damage.
Edmund is moderately wounded.
Edmund hits you with a +2 dire flail of holy wrath!
* * * LOW HITPOINT WARNING * * *
You hit Edmund but do no damage.
Edmund is moderately wounded.
Edmund hits you with a +2 dire flail of holy wrath!
* * * LOW HITPOINT WARNING * * *
You closely miss Edmund. You bite Edmund, but do no damage.
Edmund is moderately wounded.
You completely miss Edmund.
Edmund is moderately wounded.
Edmund says, "People accused me of being a cutpurse!"
Edmund hits you with a +2 dire flail of holy wrath!
You die...

.... ........# .......
# ...... #. ......
####.###.#...
#.....@@<##.#
##.##.#.####.#
.............##
.########.#...#####...
#......#.#...........
#.####.#.#...######..
#.#..#.#.#.#####...
#.#..#.#.#......... ∆
#.#.##.#.#.#####.##


You could see Edmund.

Vanquished Creatures
  Grinder (D:3)
  An orc warrior (D:2)
  A jelly (D:3)
  Terence (D:3)
  Jessica (D:2)
  5 adders (D:2)
  An ufetubus (D:3)
  An adder skeleton (D:4)
  3 dart slugs
  7 orcs (D:3)
  8 endoplasms
  2 giant cockroaches (D:1)
  7 goblins
  8 hobgoblins
  6 jackals (D:1)
  3 quokkas (D:1)
  9 ball pythons
  A bat (D:1)
  2 frilled lizards (D:2)
  5 kobolds
  6 rats
79 creatures vanquished.

Notes
Turn   | Place    | Note
-------+----------+-------------------------------------------
     0 | D:1      | jimonade the Gnoll Wanderer began the quest for the Orb.
     0 | D:1      | jimonade set off with the following items: a +0 falchion, a
                  | +0 cloak, a +0 robe; and the following spell memorised:
                  | Apportation; and the following spells available to
                  | memorise: Blink, Passage of Golubria
     0 | D:1      | Reached XP level 1. HP: 13/13 MP: 6/6
   163 | D:1      | Reached XP level 2. HP: 8/19 MP: 7/7
   881 | D:1      | Learned a level 2 spell: Blink
  1444 | D:1      | Reached XP level 3. HP: 13/25 MP: 9/9
  1628 | D:1      | Reached skill level 5 in Spellcasting
  2296 | D:2      | Noticed Jessica
  2675 | D:2      | Reached skill level 1 in Fighting
  2675 | D:2      | Reached skill level 1 in Short Blades
  2675 | D:2      | Reached skill level 1 in Axes
  2675 | D:2      | Reached skill level 1 in Maces & Flails
  2675 | D:2      | Reached skill level 1 in Polearms
  2675 | D:2      | Reached skill level 1 in Staves
  2675 | D:2      | Reached skill level 1 in Slings
  2675 | D:2      | Reached skill level 1 in Bows
  2675 | D:2      | Reached skill level 1 in Crossbows
  2675 | D:2      | Reached skill level 1 in Throwing
  2675 | D:2      | Reached skill level 1 in Armour
  2675 | D:2      | Reached skill level 1 in Dodging
  2675 | D:2      | Reached skill level 1 in Shields
  2675 | D:2      | Reached skill level 1 in Unarmed Combat
  2675 | D:2      | Reached skill level 1 in Evocations
  2745 | D:2      | Reached XP level 4. HP: 32/32 MP: 11/11
  3149 | D:2      | Found a faded altar of an unknown god.
  3374 | D:2      | Reached skill level 1 in Conjurations
  3374 | D:2      | Reached skill level 1 in Hexes
  3374 | D:2      | Reached skill level 1 in Summonings
  3374 | D:2      | Reached skill level 1 in Necromancy
  3374 | D:2      | Reached skill level 1 in Transmutations
  3374 | D:2      | Reached skill level 1 in Fire Magic
  3374 | D:2      | Reached skill level 1 in Ice Magic
  3374 | D:2      | Reached skill level 1 in Air Magic
  3374 | D:2      | Reached skill level 1 in Earth Magic
  3374 | D:2      | Reached skill level 1 in Poison Magic
  3758 | D:2      | Killed Jessica
  3759 | D:2      | Reached XP level 5. HP: 26/37 MP: 12/12
  3852 | D:2      | Learned a level 4 spell: Passage of Golubria
  3924 | D:3      | Found a shimmering altar of Xom.
  3931 | D:3      | Noticed Grinder
  3941 | D:3      | Killed Grinder
  3942 | D:3      | Reached XP level 6. HP: 44/44 MP: 14/14
  4057 | D:3      | Noticed Terence
  4090 | D:3      | Killed Terence
  4344 | D:3      | Identified the ring of the Endless Expanse {*Slow rElec rF+
                  | rCorr Str+8}
  4510 | D:3      | Noticed an orc warrior
  5035 | D:2      | Killed an orc warrior
  5036 | D:2      | Reached XP level 7. HP: 31/51 MP: 15/15
  5270 | D:4      | Noticed Edmund
  5391 | D:4      | Slain by Edmund

Illustrated notes

Levels and vault maps discovered:
D:1:      roderic_dead_forest, layout_loops_ring
D:2:      layout_loops_cross, hellmonk_ecumenical_altar_crossroads,
          dk_vineyard_3, uniq_jessica
D:3:      layout_loops_ring, lemuel_doored_altar, kennysheep_generic_room_7,
          uniq_terence, uniq_grinder
D:4:      minmay_wonky_spiral, layout_loops_ring, minivault_5,
          hangedman_minor_gate_pass, uniq_edmund

Skill      XL: |  1  2  3  4  5 |
---------------+----------------+-----
Spellcasting   | 5 |  5.5
Fighting       | 1 2 |  2.3
Short Blades   | 1 2 |  2.3
Axes           | 1 2 |  2.3
Maces & Flails | 1 2 |  2.3
Polearms       | 1 2 |  2.3
Staves         | 1 2 |  2.3
Slings         | 1 2 |  2.3
Bows           | 1 2 |  2.3
Crossbows      | 1 2 |  2.3
Throwing       | 1 2 |  2.3
Armour         | 1 2 |  2.3
Dodging        | 1 2 |  2.3
Shields        | 1 2 |  2.3
Unarmed Combat | 1 2 |  2.3
Evocations     | 1 2 |  2.3
Conjurations   | 1 |  1.9
Hexes          | 1 |  1.9
Summonings     | 1 |  1.9
Necromancy     | 1 |  1.9
Transmutations | 1 |  1.9
Fire Magic     | 1 |  1.9
Ice Magic      | 1 |  1.9
Air Magic      | 1 |  1.9
Earth Magic    | 1 |  1.9
Poison Magic   | 1 |  1.9
Invocations    | 3 |  3.7
Long Blades    | 3 |  3.5
Stealth        | |  4.8
Translocations | |  7.4

Action                   |  1- 3 |  4- 6 |  7- 9 || total
-------------------------+-------+-------+-------++-------
Melee: Falchion          |   134 |       |       ||   134
       Bite              |    10 |    21 |     4 ||    35
       Punch             |     2 |     1 |     1 ||     4
       Dagger            |    17 |   158 |    26 ||   201
 Cast: Blink             |     4 |     2 |       ||     6
Evoke: Wand              |       |     6 |     3 ||     9
 Stab: Sleeping          |     6 |     6 |       ||    12
Armor: Robe              |    18 |    16 |     1 ||    35
       Leather armour    |    10 |     6 |       ||    16
       Chain mail        |       |     5 |     5 ||    10
       Plate armour      |       |       |     5 ||     5
Dodge: Dodged            |   123 |    97 |     5 ||   225
